 Dungeon Crawl Stone Soup version 0.30.1-11-g7821555f0a (webtiles) character file.

Game seed: 2296386347414281776

263 fireball365 the Chopper (level 6, -1/56 HPs)
             Began as a Hill Orc Fighter on Nov 23, 2023.
             Slain by an ice beast (12 damage)
             ... on level 5 of the Dungeon.
             The game lasted 00:06:05 (3196 turns).

fireball365 the Chopper (Hill Orc Fighter)          Turns: 3196, Time: 00:06:06

Health: -1/56      AC:  6    Str: 21    XL:     6   Next: 19%
Magic:  6/6        EV:  8    Int:  8    God:
Gold:   200        SH:  4    Dex: 10    Spells: 5/5 levels left

rFire   . . .        a - +0 war axe
rCold   . . .        c - +0 buckler
rNeg    . . .        m - +2 chain mail {Will+}
rPois   .            p - +2 hat
rElec   .            (no cloak)
rCorr   .            (no gloves)
SInv    .            n - +0 pair of boots
Will    +....        (no amulet) Stlth
                     t - ring of flight
HPRegen 0.29/turn    (no ring)
MPRegen 0.10/turn

%: no passive effects
@: corroded, flying
A: no striking features
a: no special abilities


You were on level 5 of the Dungeon.
You visited 1 branch of the dungeon, and saw 5 of its levels.

You collected 200 gold pieces.

Inventory:

Hand Weapons
 a - a +0 war axe (weapon)
 r - a +1 antimagic morningstar
Armour
 b - a +0 scale mail
 c - a +0 buckler (worn)
 m - a +2 chain mail of willpower (worn)
 n - a +0 pair of boots (worn)
 p - a +2 hat (worn)
Jewellery
 t - a ring of flight (left hand)
 y - an amulet of faith
Scrolls
 e - 2 scrolls of amnesia {unknown}
 g - a scroll of magic mapping
 i - a scroll of enchant weapon {unknown}
 j - a scroll of teleportation {unknown}
 l - a scroll of fog {unknown}
 u - a scroll of blinking {unknown}
 w - a scroll of fear {unknown}
 x - a scroll of identify
Potions
 d - a potion of might
 f - 4 potions of curing
 h - a potion of resistance {unknown}
 k - a potion of ambrosia {unknown}
 o - a potion of haste
 q - a potion of heal wounds {unknown}
 s - a potion of berserk rage {unknown}
 v - a potion of invisibility {unknown}
 z - 2 potions of degeneration {unknown}


   Skills:
 + Level 5.0 Fighting
 + Level 6.0 Axes
 + Level 4.1 Armour
 + Level 0.9 Dodging
 + Level 3.8 Shields


You had 5 spell levels left.
You didn't know any spells.
Your spell library contained the following spells:

 Spells                   Type           Power      Damage    Failure   Level
 Apportation              Tloc           0%         N/A       98%         1
 Slow                     Hex            0%         N/A       98%         1
 Confusing Touch          Hex            0%         N/A       100%        3
 Dazzling Flash           Conj/Hex       0%         N/A       100%        3
 Vampiric Draining        Necr           0%         2d6       100%        3
 Vhi's Electric Charge    Tloc/Air       0%         N/A       100%        3
 Agony                    Necr           0%         N/A       100%        5
 Alistair's Intoxication  Tmut/Pois      0%         N/A       100%        5
 Arcjolt                  Conj/Air       0%         1d10      100%        5
 Silence                  Hex/Air        0%         N/A       100%        5
 Plasma Beam              Fire/Air       0%         2x1d11    100%        6


Dungeon Overview and Level Annotations

Branches:
Dungeon (5/15)
 Temple: D:4-7

Altars:
Dithmenos
Elyvilon
Okawaru
Sif Muna
Wu Jian


Message History

The ice beast is lightly wounded.
You block the ice beast's attack.
You closely miss the ice beast.
The ice beast is lightly wounded.
You block the ice beast's attack.
You closely miss the ice beast.
The ice beast is lightly wounded.
You hit the jelly.
Your hands burn!
The ice beast hits you but does no damage.
The jelly hits you but does no damage.
You hit the ice beast.
The ice beast is lightly wounded.
You slash the jelly! The acid corrodes you!
Your hands burn!
You block the ice beast's attack. The jelly hits you but does no damage.
The ice beast hits you but does no damage.
The jelly barely misses you.
You completely miss the ice beast.
The ice beast is lightly wounded.
You hit the jelly. The acid corrodes you!
Your hands burn!
The ice beast hits you. The ice beast freezes you!
The jelly completely misses you.
You hit the ice beast but do no damage.
The ice beast is lightly wounded.
You completely miss the jelly. The ice beast hits you.
The ice beast freezes you!
* * * LOW HITPOINT WARNING * * *
The jelly hits you but does no damage.
You barely miss the ice beast.
The ice beast is lightly wounded.
You hit the jelly.
You kill the jelly!
The ice beast barely misses you.
Your Fighting skill increases to level 5!
Your Axes skill increases to level 6!
You barely miss the ice beast.
The ice beast is lightly wounded.
The ice beast hits you.
* * * LOW HITPOINT WARNING * * *
The ice beast freezes you!
You die...

.≈.#####.....#.≈..
.≈ #....≈≈≈≈.#.≈.#
. #.≈≈≈...≈.#.≈.#
#.≈_.##.≈.#.≈.#
#.≈...#.≈)#.≈#
.≈.#.≈...#.≈.#.#
.≈.#.≈≈._#.≈.#.#
#.≈ #...###.≈.#.#
#. ####.Y@.≈.#.#
.....≈≈≈≈≈.#.#
≈≈≈≈≈......#..
.....#######..
#####


You could see an ice beast.

Vanquished Creatures
  A scorpion (D:5)
  A jelly (D:5)
  A hound (D:4)
  Terence (D:2)
  2 adders (D:3)
  2 worms (D:4)
  3 dart slugs
  5 orcs (D:3)
  4 endoplasms
  5 giant cockroaches
  9 hobgoblins
  2 jackals (D:2)
  10 kobolds
  6 quokkas
  8 ball pythons
  2 bats (D:1)
  2 frilled lizards
  9 goblins
  6 rats
79 creatures vanquished.

Notes
Turn   | Place    | Note
-------+----------+-------------------------------------------
     0 | D:1      | fireball365 the Hill Orc Fighter began the quest for the
                  | Orb.
     0 | D:1      | Reached XP level 1. HP: 19/19 MP: 1/1
    60 | D:1      | Reached XP level 2. HP: 27/27 MP: 2/2
   252 | D:1      | Reached skill level 3 in Axes
   310 | D:1      | Reached XP level 3. HP: 32/33 MP: 3/3
   600 | D:2      | Noticed Terence
   616 | D:2      | Killed Terence
   617 | D:2      | Reached skill level 4 in Axes
   617 | D:2      | Reached XP level 4. HP: 26/40 MP: 4/4
  1710 | D:3      | Found a faded altar of an unknown god.
  1727 | D:3      | Reached XP level 5. HP: 35/47 MP: 5/5
  1891 | D:3      | Found an iron altar of Okawaru.
  2139 | D:3      | Reached skill level 5 in Axes
  2442 | D:4      | Found a shimmering blue altar of Sif Muna.
  2625 | D:4      | Found a shadowy altar of Dithmenos.
  3110 | D:5      | Entered Level 5 of the Dungeon
  3122 | D:5      | Reached XP level 6. HP: 41/53 MP: 6/6
  3173 | D:5      | Found a white marble altar of Elyvilon.
  3174 | D:5      | Found an ornate altar of the Wu Jian Council.
  3186 | D:5      | Noticed an ice beast
  3196 | D:5      | Reached skill level 5 in Fighting
  3196 | D:5      | Reached skill level 6 in Axes
  3196 | D:5      | Slain by an ice beast

Illustrated notes

Levels and vault maps discovered:
D:1:      roderic_dead_forest, layout_rooms, minmay_misc_feat_rugged
D:2:      layout_basic, kennysheep_flooded_box, uniq_terence
D:3:      layout_basic, hellmonk_okawaru_the_only_friend_you_need,
          nicolae_ecumenical_snake_handling
D:4:      layout_basic, nicolae_dithmenos_the_darkroom, led_sif_pool
D:5:      layout_basic, nicolae_overflow_squiral,
          minmay_temple_entry_sparse_star, uniq_duvessa

Skill      XL: |  1  2  3  4  5  6 |
---------------+-------------------+-----
Axes           | 3 4 5 6 |  6.0
Fighting       | 4 5 |  5.0
Armour         | 4 |  4.1
Dodging        | |  0.9
Shields        | |  3.8

Action                     |  1- 3 |  4- 6 || total
---------------------------+-------+-------++-------
  Melee: War axe           |    64 |   150 ||   214
    Use: Scroll            |     1 |     2 ||     3
 Armour: Scale mail        |    46 |     8 ||    54
         Chain mail        |       |   101 ||   101
  Dodge: Dodged            |    45 |    83 ||   128
  Block: Buckler           |    26 |    49 ||    75
